 Dungeon Crawl Stone Soup version 0.31-a0-1159-g800acc2fd1 (webtiles) character file.

Game seed: 4164570120917918779

2716 Malachi the Trooper (level 9, 0/68 HPs)
             Began as a Djinni Shapeshifter on Dec 8, 2023.
             Slain by a gnoll
             ... wielding a +0 spear
             ... led by a gnoll sergeant
              (5 damage)
             ... on level 7 of the Dungeon.
             The game lasted 00:08:47 (7975 turns).

Malachi the Trooper (Djinni Shapeshifter)           Turns: 7975, Time: 00:08:48

Health: 0/68       AC:  4    Str: 17    XL:     9   Next: 98%
Gold:   256        EV: 12    Int: 17    God:
                   SH:  0    Dex: 12

rFire   + + +        a - +8 trident of Xacladd {freeze, rElec rC+ Str+4}
rCold   . . .        (no shield)
rNeg    . . .        n - +2 robe {rF+}
rPois   ∞            (helmet currently unavailable)
rElec   +            (cloak currently unavailable)
rCorr   .            (gloves currently unavailable)
SInv    .            (boots unavailable)
Will    .....        p - amulet of regeneration
Stlth   +            (no ring)
HPRegen 1.11/turn    (no ring)
MPRegen 0.00/turn

%: infuse magic (-1 HP)
@: beast-form, flying
A: beast (slay +4), flying, sickness immunity, fire resistance 2, cold
vulnerability 1, float, innate caster, HP casting, extra vitality 1
a: Begin Untransformation


You were on level 7 of the Dungeon.
You were a hulking beast.
You visited 2 branches of the dungeon, and saw 8 of its levels.
You also visited: Ossuary.

You collected 256 gold pieces.

Inventory:

Hand Weapons
 a - the +8 trident of Xacladd (weapon) {freeze, rElec rC+ Str+4}
   (You acquired it on level 3 of the Dungeon)

   Str+4:     It affects your strength (+4).
   rC+:       It protects you from cold.
   rElec:     It insulates you from electricity.
 m - a +2 dagger of pain
Armour
 n - a +2 robe of fire resistance (worn)
Jewellery
 p - an amulet of regeneration (around neck)
 t - an amulet of reflection
Talismans
 c - a beast talisman
 d - a flux talisman
Wands
 v - a wand of polymorph (3)
Scrolls
 j - a scroll of summoning
 l - 2 scrolls of revelation
 r - a scroll of blinking
 s - 2 scrolls of vulnerability
 w - 2 scrolls of poison
 y - a scroll of identify
 B - a scroll of immolation
Potions
 b - a potion of lignification
 e - a potion of invisibility {unknown}
 f - 5 potions of curing {unknown}
 g - 2 potions of heal wounds {unknown}
 h - 2 potions of enlightenment {unknown}
 i - 3 potions of attraction {unknown}
 k - a potion of magic {unknown}
 o - a potion of cancellation {unknown}
 q - 5 potions of might {unknown}
 u - a potion of brilliance {unknown}
 x - a potion of degeneration {unknown}
 z - 2 potions of haste {unknown}
 A - a potion of ambrosia {unknown}


   Skills:
 + Level 7.3 Fighting
 - Level 1.0 Short Blades
 - Level 2.1 Dodging
 - Level 4.0 Unarmed Combat
 + Level 4.8 Spellcasting
 + Level 4.8 Conjurations
 + Level 4.8 Hexes
   Level 0.0 Charms
 + Level 4.8 Summonings
 + Level 4.8 Necromancy
 + Level 4.8 Translocations
 + Level 4.8 Transmutations
 + Level 4.8 Fire Magic
 + Level 4.8 Ice Magic
 + Level 4.8 Air Magic
 + Level 4.8 Earth Magic
 + Level 4.8 Poison Magic
 - Level 7.0 Shapeshifting


You knew the following spells:

 Your Spells              Type           Power      Damage    Failure   Level
a - Kiss of Death         Conj/Necr      80%        2d11      1%          1
b - Passwall              Tmut/Erth      16%        N/A       3%          2
c - Dazzling Flash        Conj/Hex       40%        N/A       6%          3
d - Hailstorm             Conj/Ice       20%        3d7       6%          3
Your spell library was empty.

Dungeon Overview and Level Annotations

Branches:
Dungeon (7/15)             Temple (1/1) D:6         Ossuary (visited)

Altars:
Cheibriados
Elyvilon
Fedhas
Gozag
Makhleb
Okawaru
Ru
Trog
Uskayaw
Wu Jian
Xom
Yredelemnul
Zin
The Shining One

Annotations:
D:5 3 runed translucent doors, exclusion: 3 doors, jotaen's ghost, novice MiFi


Innate Abilities, Weirdness & Mutations

You are a hulking beast.
Your limbs bulge with bestial killing power. (Slay +4)
You are flying.
You are immune to sickness and miasma.
You are immune to poison.
Your flesh is very heat resistant. (rF++)
You are vulnerable to cold. (rC-)
You float through the air rather than walking.
You learn spells naturally, not from books.
Your magical power is your life essence.
You have superior vitality. (+4 MHP)


Message History

* * * LOW HITPOINT WARNING * * *
The gnoll sergeant hits you from afar with a +0 spear of venom!
* * * LOW HITPOINT WARNING * * *
Unknown command.
Unknown command.
Casting: Hailstorm (dangerous; 6% risk of failure)
Confirm with . or Enter, or press ? or * to list all spells.
Okay, then.
Aiming: Polymorph
Press: ? - help, Shift-Dir - straight line, f - gnoll sergeant
Aim: a gnoll sergeant, wielding a +0 spear of venom and wearing a +0 ring mail (moderately wounded, will become a steam dragon, a howler monkey, or a black bear, chance to affect: 49%)
The gnoll sergeant evaporates and reforms as a steam dragon!
The steam dragon breathes steam at you. The ball of steam hits you. You resist.
* * * LOW HITPOINT WARNING * * *
There is an open door here.
Things that are here:
a +0 flail; an orc corpse The steam dragon breathes steam at you.
The ball of steam hits you! You resist.
* * * LOW HITPOINT WARNING * * *
Your magical contamination has completely faded away.
The gnoll attacks as it pursues you!
The gnoll hits you from afar with a +0 spear.
* * * LOW HITPOINT WARNING * * *
The steam dragon breathes steam at you. The ball of steam hits you. You resist.
* * * LOW HITPOINT WARNING * * *
The gnoll barely misses you.
The gnoll is engulfed in a cloud of scalding steam.
The gnoll hits you from afar with a +0 spear.
* * * LOW HITPOINT WARNING * * *
The gnoll is engulfed in a cloud of scalding steam.
Okay, then.
The steam dragon breathes steam at you. The ball of steam hits you! You resist.
* * * LOW HITPOINT WARNING * * *
The gnoll attacks as it pursues you!
The gnoll hits you from afar with a +0 spear.
You die...

#D#.......# #......)..
#.#..)....# ##########
#.##......# # #.........# #
####......##################
# #....:.........##.....).#
#
#.§.§§..g......##.#####.###
##.###.§§§§....##.#...>....
#...'..§.h....)........###
#####..§§§....##.#.....# #
#.........##.#####.# #
############.#####.#
#....##.# ##########.##.#
#..........##.#
#.......†.....###
#................


You could see a gnoll.

Vanquished Creatures
  Prince Ribbit (D:5)
  Grinder (D:5)
  Menkaure (D:5)
  A water moccasin (D:5)
  An orc warrior (D:7)
  3 ice beasts
  2 sky beasts
  A black bear (D:5)
  An ogre (D:6)
  A centaur (D:7)
  3 bullfrogs
  2 scorpions (D:6)
  A howler monkey (D:5)
  3 orc priests
  4 hounds
  Jessica (D:2)
  3 iguanas
  A sleepcap (D:5)
  2 orc wizards (D:7)
  2 crocodile zombies (Ossuary)
  A scorpion simulacrum (Ossuary)
  3 mummies
  15 gnolls
  12 adders
  2 shadow imps
  2 white imps
  2 ufetubi (D:5)
  A spectral adder (Ossuary)
  A worm (D:4)
  3 dart slugs
  An adder simulacrum (Ossuary)
  13 orcs
  5 spectral bats (Ossuary)
  9 endoplasms
  2 giant cockroaches (D:2)
  5 goblins
  2 hobgoblins
  4 jackals (D:2)
  8 kobolds
  6 quokkas
  11 ball pythons
  2 bats
  2 bat simulacra (Ossuary)
  3 frilled lizards
  10 gnoll zombies (Ossuary)
  4 goblin zombies (Ossuary)
  4 hobgoblin zombies (Ossuary)
  3 jackal simulacra (Ossuary)
  3 kobold simulacra (Ossuary)
  8 kobold zombies
  4 orc zombies
  4 rats
  A spectral jackal (Ossuary)
  3 spectral kobolds (Ossuary)
194 creatures vanquished.

Notes
Turn   | Place    | Note
-------+----------+-------------------------------------------
     0 | D:1      | Malachi the Djinni Shapeshifter began the quest for the
                  | Orb.
     0 | D:1      | Reached XP level 1. HP: 17/17 MP: 0/0
   379 | D:1      | Reached XP level 2. HP: 10/22 MP: 0/0
  1138 | D:1      | Reached XP level 3. HP: 26/27 MP: 0/0
  1138 | D:1      | Learned a level 1 spell: Kiss of Death
  1578 | D:2      | Noticed Jessica
  1590 | D:2      | Killed Jessica
  1591 | D:2      | Reached XP level 4. HP: 10/32 MP: 0/0
  2609 | D:3      | Reached XP level 5. HP: 32/37 MP: 0/0
  2609 | D:3      | Learned a level 2 spell: Passwall
  2670 | D:3      | Reached skill level 1 in Spellcasting
  2670 | D:3      | Reached skill level 1 in Conjurations
  2670 | D:3      | Reached skill level 1 in Hexes
  2670 | D:3      | Reached skill level 1 in Summonings
  2670 | D:3      | Reached skill level 1 in Necromancy
  2670 | D:3      | Reached skill level 1 in Translocations
  2670 | D:3      | Reached skill level 1 in Transmutations
  2670 | D:3      | Reached skill level 1 in Fire Magic
  2670 | D:3      | Reached skill level 1 in Ice Magic
  2670 | D:3      | Reached skill level 1 in Air Magic
  2670 | D:3      | Reached skill level 1 in Earth Magic
  2670 | D:3      | Reached skill level 1 in Poison Magic
  3124 | D:3      | Reached skill level 1 in Short Blades
  3573 | D:3      | Identified a scroll of acquirement
  3575 | D:3      | Acquired the +8 trident of Xacladd {freeze, rElec rC+
                  | Str+4}
  3788 | D:4      | Found a white marble altar of Elyvilon.
  3929 | D:4      | Reached XP level 6. HP: 18/43 MP: 0/0
  4294 | D:5      | Entered Level 5 of the Dungeon
  4354 | D:5      | Found a runed translucent gate.
  4354 | D:5      | Found a runed translucent gate.
  4354 | D:5      | Found a runed translucent gate.
  4377 | D:5      | Noticed a black bear
  4384 | D:5      | Killed a black bear
  4426 | D:5      | Reached XP level 7. HP: 34/47 MP: 0/0
  4426 | D:5      | Learned a level 3 spell: Dazzling Flash
  4594 | D:5      | Noticed Menkaure
  4600 | D:5      | Killed Menkaure
  4993 | D:5      | Noticed jotaen's ghost (novice MiFi)
  5033 | D:5      | Noticed Grinder
  5034 | D:5      | Paralysed by Grinder for 5 turns
  5042 | D:5      | Paralysed by Grinder for 2 turns
  5050 | D:5      | Killed Grinder
  5051 | D:5      | Reached skill level 5 in Shapeshifting
  5051 | D:5      | Reached XP level 8. HP: 50/58 MP: 0/0
  5353 | D:5      | Identified the +5 falchion "Noaroc" {heavy, rN+ Dex+4
                  | Stlth-}
  5640 | D:5      | Noticed Prince Ribbit
  5647 | D:5      | Killed Prince Ribbit
  5648 | D:5      | Reached skill level 5 in Fighting
  6210 | D:6      | Reached XP level 9. HP: 64/65 MP: 0/0
  6210 | D:6      | Learned a level 3 spell: Hailstorm
  6386 | D:6      | Found a sand-covered staircase.
  6407 | Ossuary  | Entered an ossuary
  7162 | D:6      | Found a staircase to the Ecumenical Temple.
  7403 | Temple   | Entered the Ecumenical Temple
  7973 | D:7      | HP: 3/68 [something/ball of steam (7)]
  7975 | D:7      | Slain by a gnoll

Illustrated notes

Levels and vault maps discovered:
D:1:      dpeg_arrival_concentric_ovals, layout_basic
D:2:      layout_loops_ring, basic_altar, amcnicky_mini_corridor_feature,
          minmay_shallow_snake_nest, uniq_jessica
D:3:      layout_loops_corners, nicolae_kite_square_tiling_tiny
D:4:      layout_basic, nicolae_sif_muna_condensation, elyvilon_altar_5
D:5:      wad_river_or_something, layout_loops_corners, gammafunk_ghost_icy,
          nicolae_letterblocks [nicolae_letter_subblock,
          nicolae_letter_subblock, nicolae_letter_subblock,
          nicolae_letter_subblock, nicolae_letter_subblock,
          nicolae_letter_subblock, nicolae_letter_subblock,
          nicolae_letter_subblock, nicolae_letter_subblock,
          nicolae_letter_subblock, nicolae_letter_subblock,
          nicolae_letter_subblock, nicolae_letter_subblock,
          nicolae_letter_subblock, nicolae_letter_subblock,
          nicolae_letter_subblock, nicolae_letter_subblock,
          nicolae_letter_subblock, nicolae_letter_subblock,
          nicolae_letter_subblock, nicolae_letter_subblock,
          nicolae_letter_subblock, nicolae_letter_subblock,
          nicolae_letter_subblock, nicolae_letter_subblock], uniq_grinder,
          uniq_menkaure, uniq_prince_ribbit1
D:6:      layout_basic, minmay_temple_entry_enclosed_plants,
          nicolae_ossuary_entry_giza
D:7:      layout_basic
Temple:   regret_index_temple_waves

Skill      XL: |  1  2  3  4  5  6  7  8  9 |
---------------+----------------------------+-----
Shapeshifting  | 3 4 5 6 7 |  7.0
Unarmed Combat | 4 |  4.0
Spellcasting   | 1 2 3 4 |  4.8
Conjurations   | 1 2 3 4 |  4.8
Hexes          | 1 2 3 4 |  4.8
Summonings     | 1 2 3 4 |  4.8
Necromancy     | 1 2 3 4 |  4.8
Translocations | 1 2 3 4 |  4.8
Transmutations | 1 2 3 4 |  4.8
Fire Magic     | 1 2 3 4 |  4.8
Ice Magic      | 1 2 3 4 |  4.8
Air Magic      | 1 2 3 4 |  4.8
Earth Magic    | 1 2 3 4 |  4.8
Poison Magic   | 1 2 3 4 |  4.8
Short Blades   | 1 |  1.0
Fighting       | 2 4 5 7 |  7.3
Dodging        | |  2.1

Action                     |  1- 3 |  4- 6 |  7- 9 || total
---------------------------+-------+-------+-------++-------
  Melee: Unarmed           |   102 |       |       ||   102
         Punch             |     2 |     1 |     3 ||     6
         Dagger            |       |    79 |       ||    79
         Trident           |       |    50 |   247 ||   297
   Cast: Kiss of Death     |       |     2 |       ||     2
         Hailstorm         |       |       |     1 ||     1
  Evoke: Wand              |       |       |     1 ||     1
    Use: Scroll            |       |     6 |     6 ||    12
         Potion            |       |       |     1 ||     1
   Stab: Sleeping          |     1 |     2 |     4 ||     7
 Armour: Scale mail        |    58 |       |       ||    58
         Animal skin       |     1 |       |       ||     1
         Robe              |       |    87 |   113 ||   200
         Skin              |       |       |     3 ||     3
  Dodge: Dodged            |    40 |    97 |   125 ||   262

Table legend: (Time is in decaauts)
 A = Elapsed time spent in this place.
 B = Non-inter-level travel time spent in this place.
 C = Inter-level travel time spent in this place.
 D = Time resting spent in this place.
 E = Time spent auto-exploring this place.
 F = Levels seen in this place.
 G = Mean time per level.
                   A        B        C        D        E       F      G
               +--------+--------+--------+--------+--------+-----+--------+
         Total |   8052 |   7860 |    192 |   1620 |   4935 |   9 |  894.7 |
       Dungeon |   7570 |   7378 |    192 |   1513 |   4843 |   7 | 1081.4 |
        Temple |      1 |      1 |      0 |      0 |      0 |   1 |    1.0 |
       Ossuary |    479 |    479 |      0 |    107 |     92 |   1 |  479.0 |
               +--------+--------+--------+--------+--------+-----+--------+

Top non-repeatable levels by time:
     D:5: 1884 daAuts
     D:1: 1289 daAuts
     D:3: 1202 daAuts
     D:2: 1084 daAuts
     D:6: 826 daAuts
     D:4: 720 daAuts
     D:7: 562 daAuts
 Ossuary: 479 daAuts
  Temple: 1 daAuts
